 Dungeon Sprint DCSS version 0.21-a0-278-ga722497 (webtiles) character file.

145 potatolord6000 the Chopper (level 5, -16/51 HPs)
             Began as a Hill Orc Fighter on Sept 21, 2017.
             Was a Priest of Beogh.
             Killed from afar by a deep elf mage (28 damage)
             ... with a stone arrow
             ... in the Dungeon (Sprint VII: "The Pits").
             The game lasted 00:02:14 (346 turns).

potatolord6000 the Chopper (Hill Orc Fighter)        Turns: 346, Time: 00:02:14

Health: -16/51     AC:  9    Str: 25    XL:     5   Next: 27%
Magic:  8/8        EV:  8    Int:  8    God:    Beogh [***...]
Gold:   0          SH: 10    Dex: 10    Spells: 4/4 levels left

rFire    . . .     SeeInvis .   a - +0 war axe
rCold    . . .     Gourm    .   c - +0 shield
rNeg     . . .     Faith    .   e - +3 ring mail
rPois    .         Spirit   .   (no helmet)
rElec    .         Reflect  .   (no cloak)
rCorr    .         Harm     .   (no gloves)
MR       .....     NoTele   +   (no boots)
Stlth    ..........             (no amulet)
HPRegen  0.17/turn              (no ring)
MPRegen  0.11/turn              (no ring)

@: mighty
A: no striking features
a: Smiting, Renounce Religion


You were in the Dungeon.
You worshipped Beogh.
Beogh was most pleased with you.
You were not hungry.

You visited 1 branch

Inventory:

Hand Weapons
 a - a +0 war axe (weapon)
Armour
 c - a +0 shield (worn)
 e - a +3 ring mail (worn)
Scrolls
 k - a scroll of blinking
 m - 3 scrolls of remove curse
 n - 5 scrolls of amnesia
 o - a scroll of summoning
Potions
 b - 4 potions of heal wounds
 g - 5 potions of curing
 i - 4 potions of magic
 j - 3 potions of berserk rage
 l - 2 potions of invisibility
Comestibles
 f - 8 bread rations
 p - 40 fruits
 q - 7 meat rations


   Skills:
 + Level 6.6 Fighting
 + Level 6.7 Axes
 + Level 6.0 Armour
 + Level 5.9 Shields
 + Level 5.1 Invocations


You had 4 spell levels left.
You didn't know any spells.

Dungeon Overview and Level Annotations

Branches:
Dungeon (1/1)

Altars:
Ashenzari
Cheibriados
Dithmenos
Elyvilon
Fedhas
Gozag
Hepliaklqana
Kikubaaqudgha
Makhleb
Nemelex Xobeh
Okawaru
Qazlal
Ru
Sif Muna
Trog
Uskayaw
Vehumet
Wu Jian
Xom
Yredelemnul
Zin
The Shining One
Beogh
Jiyva
Lugonu


Message History

The stone arrow hits you!
* * * LOW HITPOINT WARNING * * *
You barely miss the deep elf mage.
The deep elf mage is almost dead.
The gnoll hits you from afar with a spear.
* * * LOW HITPOINT WARNING * * *
You block the deep elf mage's attack. The gnoll barely misses you.
Unknown command.
You barely miss the deep elf mage.
The deep elf mage is almost dead.
The deep elf mage completely misses you.
You block the gnoll's attack.
Unknown command.
You barely miss the deep elf mage.
The deep elf mage is almost dead.
You block the gnoll's attack.
The deep elf mage gestures at you while chanting.
The stone arrow hits you!
Ouch! That really hurt!
You die...

#.#...#(#))#####'#
#.#..)).#))##.....
#.##'####))##.....
#.#..††.#[[##.....
#.#.....#'###...<.
#.#........##.....
#.#........##.....
#'###########.....
#@.# ######
#EegE...#
##.#.#.## .....
.#.#.# ......# .#
#..+ ## ##


You could see 2 earth elementals, a deep elf mage and a gnoll.

Vanquished Creatures
  2 iron imps (D)
  An iguana (D)
  An adder (D)
  3 gnolls (D)
  A river rat (D)
  An ufetubus (D)
  2 oozes (D)
  A kobold (D)
  A leopard gecko skeleton (D)
13 creatures vanquished.

Notes
Turn   | Place    | Note
-------+----------+-------------------------------------------
     0 | D        | potatolord6000 the Hill Orc Fighter began the quest for the Orb.
     0 | D        | Reached XP level 1. HP: 19/19 MP: 1/1
    15 | D        | Reached XP level 2. HP: 28/28 MP: 2/2
    43 | D        | Found a bloodstained altar of Trog.
    43 | D        | Found a deep blue altar of Sif Muna.
    43 | D        | Found a viscous altar of Jiyva.
    43 | D        | Found a hazy altar of Hepliaklqana.
    43 | D        | Found an opulent altar of Gozag.
    44 | D        | Found a glowing golden altar of the Shining One.
    44 | D        | Found a glowing silver altar of Zin.
    44 | D        | Found a basalt altar of Yredelemnul.
    44 | D        | Found a shimmering altar of Xom.
    44 | D        | Found an ornate altar of the Wu Jian Council.
    44 | D        | Found a sacrificial altar of Ru.
    44 | D        | Found a stormy altar of Qazlal.
    44 | D        | Found an iron altar of Okawaru.
    44 | D        | Found a sparkling altar of Nemelex Xobeh.
    44 | D        | Found a burning altar of Makhleb.
    44 | D        | Found a blossoming altar of Fedhas.
    44 | D        | Found a white marble altar of Elyvilon.
    44 | D        | Found a shadowy altar of Dithmenos.
    44 | D        | Found a snail-covered altar of Cheibriados.
    46 | D        | Found a radiant altar of Vehumet.
    46 | D        | Found a corrupted altar of Lugonu.
    46 | D        | Found a roughly hewn altar of Beogh.
    48 | D        | Found an ancient bone altar of Kikubaaqudgha.
    48 | D        | Found a hide-covered altar of Uskayaw.
    48 | D        | Found a shattered altar of Ashenzari.
    56 | D        | Became a worshipper of Beogh the Brigand
    84 | D        | Reached skill level 1 in Invocations
    92 | D        | Reached XP level 3. HP: 33/35 MP: 2/4
   102 | D        | Reached * piety under Beogh
   102 | D        | Reached skill level 5 in Fighting
   227 | D        | Reached skill level 5 in Axes
   229 | D        | Reached ** piety under Beogh
   230 | D        | Reached skill level 5 in Armour
   230 | D        | Reached XP level 4. HP: 42/42 MP: 6/6
   234 | D        | Reached skill level 5 in Shields
   324 | D        | Noticed a deep elf mage
   333 | D        | Reached *** piety under Beogh
   333 | D        | Reached XP level 5. HP: 45/50 MP: 8/8
   340 | D        | Reached skill level 5 in Invocations
   346 | D        | Killed from afar by a deep elf mage

Vault maps used:
D:        pitsprint

Skill      XL: |  1  2  3  4  5 |
---------------+----------------+-----
Fighting       | 4 5 6 |  6.6
Axes           | 3 4 5 6 |  6.7
Armour         | 4 5 6 |  6.0
Shields        | 4 5 |  5.9
Invocations    | 2 3 4 5 |  5.1

Action                   |  1- 3 |  4- 6 || total
-------------------------+-------+-------++-------
Melee: War axe           |    33 |    17 ||    50
  Use: Potion            |     3 |     2 ||     5
Armor: Scale mail        |    14 |       ||    14
       Ring mail         |       |     5 ||     5
Dodge: Dodged            |    14 |     6 ||    20
Block: Shield            |    16 |    15 ||    31

Table legend:
 A = Spawn XP
 B = Non-spawn XP
 C = Spawn XP percentage of total XP
 D = Spawn monster count
 E = Non-spawn monster count
 F = Spawn count percentage of total count
 G = Total turns spent on level
                    A         B        C        D         E        F      G
               +---------+---------+-------+---------+---------+-------+---------
         Total |       0 |     208 |   0.0 |       0 |      13 |   0.0 |   346
               +---------+---------+-------+---------+---------+-------+---------
             D |       0 |     208 |   0.0 |       0 |      13 |   0.0 |   346
               +---------+---------+-------+---------+---------+-------+---------
